 Dungeon Crawl Stone Soup version 0.28-a0-851-g8b9cc49659 (webtiles) character file.

Game seed: 6541426441339509273

62 Crownlay the Conjurer (level 3, -4/26 HPs)
             Began as a Draconian Conjurer on Nov 14, 2021.
             Killed by divine providence
             ... invoked by an orc priest
              (16 damage)
             ... on level 3 of the Dungeon.
             The game lasted 00:02:40 (2903 turns).

Crownlay the Conjurer (Draconian Conjurer)          Turns: 2903, Time: 00:02:40

Health: -4/26      AC:  6    Str:  9    XL:     3   Next: 85%
Magic:  0/7        EV: 12    Int: 19    God:
Gold:   103        SH:  0    Dex:  9    Spells: 5/8 levels left

rFire   . . .      SeeInvis +   j - staff of conjuration
rCold   . . .      Faith    .   (no shield)
rNeg    . . .      Spirit   .   (armour unavailable)
rPois   .          Reflect  .   (helmet restricted)
rElec   .          Harm     .   (no cloak)
rCorr   .          Rampage  .   k - +0 pair of gloves
Will    .....                   (no boots)
Stlth   ++........              (no amulet)
HPRegen 0.08/turn               e - ring of see invisible
MPRegen 0.10/turn               (no ring)

@: no status effects
A: AC +5, unfitting armour, cold-blooded
a: no special abilities


You were on level 3 of the Dungeon.
You visited 1 branch of the dungeon, and saw 3 of its levels.

You collected 103 gold pieces.

Inventory:

Armour
 k - a +0 pair of gloves (worn)
Magical Staves
 j - a staff of conjuration (weapon)
Jewellery
 e - a ring of see invisible (left hand)
Scrolls
 d - a scroll of magic mapping {unknown}
 f - a scroll of noise {unknown}
 g - a scroll of enchant weapon {unknown}
 h - a scroll of teleportation
 i - 2 scrolls of identify {unknown}
Potions
 a - a potion of haste {unknown}
 b - a potion of lignification {unknown}
 c - 2 potions of curing


   Skills:
 - Level 1.7 Dodging
 - Level 1.7 Stealth
 * Level 3.4 Spellcasting
 + Level 4.5 Conjurations


You had 5 spell levels left.
You knew the following spells:

 Your Spells              Type           Power      Damage    Failure   Level
a - Magic Dart            Conj           100%       1d8       2%          1
b - Searing Ray           Conj           60%        2d6       3%          2

Your spell library contained the following spells:

 Spells                   Type           Power      Damage    Failure   Level
 Animate Skeleton         Necr           6%         N/A       14%         1
 Pain                     Necr           12%        1d4       14%         1
 Dazzling Flash           Conj/Hex       34%        N/A       17%         3
 Vampiric Draining        Necr           3%         2d6       41%         3
 Fulminant Prism          Conj/Hex       8%         3d7       50%         4
 Iskenderun's Mystic Bla  Conj/Tloc      17%        2d5       50%         4


Dungeon Overview and Level Annotations

Branches:
Dungeon (3/15)

Altars:

Annotations:
D:3 Grinder


Innate Abilities, Weirdness & Mutations

Your plain brown scales are hard. (AC +5)
You cannot fit into any form of body armour.
You are cold-blooded and may be slowed by cold attacks.


Message History

You hit the orc but do no damage.
The orc is moderately wounded.
The orc misses you.
You barely miss the orc.
The orc is moderately wounded.
The orc hits you but does no damage.
The orc priest miscasts a cantrip.
You hit the orc but do no damage.
The orc is moderately wounded.
The orc hits you but does no damage. The orc hits you with a +0 mace.
You hit the orc but do no damage.
You blast the orc.
The orc is heavily wounded.
The orc priest looks encouraged for a moment.
The orc closely misses you.
You closely miss the orc.
The orc is heavily wounded.
The orc hits you with a +0 mace.
You barely miss the orc.
The orc is heavily wounded.
The orc hits you with a +0 mace.
Casting: Searing Ray (safe; 3% risk of failure)
Confirm with . or Enter, or press ? or * to list all spells.
Aiming: Searing Ray (safe; 3% risk of failure)
Press: ? - help, Shift-Dir - straight line, f/p - orc
Aim: an orc, wielding a +0 mace, wearing a +0 ring mail and quivering boomerangs (heavily wounded, 82% to hit)
You feel a surge of power!
The searing ray hits the orc.
The orc is almost dead.
The searing ray hits the orc wizard!
The orc wizard is heavily wounded.
The searing ray misses the orc priest. (Press . to maintain the ray.)
The orc barely misses you.
You aren't carrying any items that you can evoke.
You hit the orc but do no damage.
The orc is almost dead.
The orc closely misses you.
The orc priest mumbles some strange prayers to Beogh against you.
Beogh smites you!
Ouch! That really hurt!
You die...

#.# #.##.# ##)##
#.... #.# #.##.#
#.# #####
#.###.##.# #.#
#........###### #+#
#####.........#
#..######.# .
#..#.## ...
####.....###.....
...........@ooo....
#######....###.)...
#.#..# ... #......
. ####.### #.# #.#
#.#


You could see an orc priest, an orc wizard (invisible) and an orc.

Vanquished Creatures
  3 worms
  2 dart slugs
  An orc (D:3)
  3 endoplasms
  A giant cockroach (D:2)
  7 goblins
  3 hobgoblins
  9 kobolds
  A quokka (D:2)
  5 ball pythons
  3 bats (D:1)
  2 frilled lizards (D:1)
  9 rats
49 creatures vanquished.

Notes
Turn   | Place    | Note
-------+----------+-------------------------------------------
     0 | D:1      | Crownlay the Draconian Conjurer began the quest for the
                  | Orb.
     0 | D:1      | Reached XP level 1. HP: 14/14 MP: 3/3
   312 | D:1      | Reached XP level 2. HP: 19/20 MP: 0/5
   769 | D:1      | Learned a level 2 spell: Searing Ray
  1126 | D:2      | Reached XP level 3. HP: 26/26 MP: 4/7
  1541 | D:2      | Found a faded altar of an unknown god.
  2567 | D:3      | Noticed Grinder
  2567 | D:3      | Paralysed by Grinder for 4 turns
  2575 | D:3      | Paralysed by Grinder for 2 turns
  2903 | D:3      | Killed from afar by an orc priest

Illustrated notes

Levels and vault maps discovered:
D:1:      dpeg_arrival_subterranean_lakeside_camping, layout_loops_ring,
          minmay_misc_feat_hallway, minmay_surrounded
D:2:      layout_loops_cross, hellmonk_ecumenical_altar_blasted
D:3:      layout_loops_corners, trog_butcher_becter, zin_purify, moated_statue,
          ebering_dispersal_statue_hall, uniq_grinder

Skill      XL: |  1  2 |
---------------+-------+-----
Spellcasting   | 3 |  3.4
Dodging        | |  1.7
Stealth        | |  1.7
Conjurations   | |  4.5

Action                   || total
-------------------------++-------
Melee: Short sword       ||    19
       Staff             ||    16
       Tailslap          ||     3
 Cast: Magic Dart        ||    92
       Searing Ray       ||     7
  Use: Scroll            ||     1
Armor: Skin              ||    14
Dodge: Dodged            ||    33

Table legend: (Time is in decaauts)
 A = Elapsed time spent in this place.
 B = Non-inter-level travel time spent in this place.
 C = Inter-level travel time spent in this place.
 D = Time resting spent in this place.
 E = Time spent auto-exploring this place.
 F = Levels seen in this place.
 G = Mean time per level.
                   A        B        C        D        E       F      G
               +--------+--------+--------+--------+--------+-----+--------+
         Total |   2906 |   2863 |     43 |    158 |   2412 |   3 |  968.7 |
       Dungeon |   2906 |   2863 |     43 |    158 |   2412 |   3 |  968.7 |
               +--------+--------+--------+--------+--------+-----+--------+

Top non-repeatable levels by time:
     D:2: 1319 daAuts
     D:1: 1100 daAuts
     D:3: 486 daAuts
